 Dungeon Crawl Stone Soup version 0.21-a0-440-g28109cb (webtiles) character file.

458 AverageBear the Cutter (level 6, 0/36 HPs)
             Began as a Deep Elf Fighter on Nov 10, 2017.
             Killed from afar by an orc wizard (4 damage)
             ... with a puff of frost
             ... on level 4 of the Dungeon.
             The game lasted 00:02:50 (2742 turns).

AverageBear the Cutter (Deep Elf Fighter)           Turns: 2742, Time: 00:02:50

Health: 0/36       AC:  7    Str: 15    XL:     6   Next: 77%
Magic:  8/8        EV:  9    Int: 13    God:
Gold:   177        SH:  8    Dex: 14    Spells: 2/5 levels left

rFire    . . .     SeeInvis .   a - +0 rapier
rCold    . . .     Gourm    .   c - +0 shield
rNeg     . . .     Faith    .   b - +0 scale mail
rPois    .         Spirit   .   (no helmet)
rElec    .         Reflect  .   (no cloak)
rCorr    .         Harm     .   n - +0 pair of gloves
MR       .....                  (no boots)
Stlth    ..........             (no amulet)
HPRegen  0.12/turn              (no ring)
MPRegen  0.11/turn              (no ring)

@: flying
A: no striking features
a: no special abilities


You were on level 4 of the Dungeon.
You were very hungry.

You visited 1 branch of the dungeon, and saw 4 of its levels.

You collected 177 gold pieces.

Inventory:

Hand Weapons
 a - a +0 rapier (weapon)
Armour
 b - a +0 scale mail (worn)
 c - a +0 shield (worn)
 n - a +0 pair of gloves (worn)
Scrolls
 e - 2 scrolls of teleportation
 i - a scroll of immolation {unknown}
 l - a scroll of recharging {unknown}
 o - a scroll of remove curse {unknown}
 p - a scroll of fog {unknown}
 w - a scroll of enchant armour {unknown}
Potions
 d - a potion of might
 m - 2 potions of agility
 u - a potion of ambrosia {unknown}
 v - a potion of mutation {unknown}
Books
 g - the Papyrus of Bewitching Arcane Weapons
   (You found it on level 4 of the Dungeon)

   Spells                             Type                      Level
   a - Shock                          Conjuration/Air              1
   b - Inner Flame                    Hexes/Fire                   3
   c - Sticky Flame                   Conjuration/Fire             4
   d - Silence                        Hexes/Air                    5
   e - Bolt of Fire                   Conjuration/Fire             6
Comestibles
 f - 4 bread rations
 k - a meat ration
 q - 4 royal jellies
 s - 4 fruits


   Skills:
 - Level 2.4 Fighting
 - Level 6.3 Short Blades
 - Level 2.4 Armour
 + Level 4.2 Dodging
 - Level 2.4 Shields


You had 2 spell levels left.
You knew the following spells:

 Your Spells              Type           Power        Failure   Level  Hunger
a - Inner Flame           Hex/Fire       #.......     100%        3    ####...


Dungeon Overview and Level Annotations

Branches:
Dungeon (4/15)
 Temple: D:4-7

Altars:
Dithmenos


Message History

The orc wizard hits you but does no damage.
You hit the orc.
You kill the orc!
You block the orc's attack. You block the orc wizard's attack.
You block the orc's attack.
There is an open door here.
Items here: )) ? [ †† You puncture the orc!
You kill the orc!
The orc wizard looks braver for a moment.
The orc wizard barely misses you.
The orc wizard hits you but does no damage.
You see here a whip.
You closely miss the orc wizard. The orc wizard hits you with a dagger.
* * * LOW HITPOINT WARNING * * *
You hit the orc wizard.
The orc wizard is lightly wounded.
The orc wizard casts a spell at you. The puff of frost hits you!
You die...

###########
#####.........#
#.............#
#.##########..#
#.#........#..#
#.#........+..####
#.#........#.....#
#.#........#.....#
#@#........#.....#
#o#........#......
#.)........#....<.
#.#........#.....#
#.##########.....#
#.. ....#.## ###
####.#.## #.#...
###.


You could see an orc wizard.

Vanquished Creatures
  Sigmund (D:3)
  2 howler monkeys (D:4)
  A crimson imp (D:2)
  An orc priest (D:4)
  3 worker ants (D:4)
  2 adders (D:2)
  3 oozes
  A worm (D:4)
  7 orcs
  5 bats
  A giant cockroach (D:3)
  9 goblins
  6 hobgoblins
  4 jackals
  6 kobolds
  2 quokkas (D:4)
  3 ball pythons
  A frilled lizard (D:1)
  A leopard gecko skeleton (D:4)
  12 rats
71 creatures vanquished.

Notes
Turn   | Place    | Note
-------+----------+-------------------------------------------
     0 | D:1      | AverageBear the Deep Elf Fighter began the quest for the Orb.
     0 | D:1      | Reached XP level 1. HP: 13/13 MP: 3/3
   142 | D:1      | Reached XP level 2. HP: 18/18 MP: 4/4
   187 | D:1      | Reached skill level 3 in Short Blades
   535 | D:1      | Reached XP level 3. HP: 18/22 MP: 5/5
   972 | D:2      | Reached skill level 4 in Short Blades
  1116 | D:2      | Reached XP level 4. HP: 22/27 MP: 6/6
  1677 | D:3      | Reached skill level 5 in Short Blades
  1829 | D:3      | Found a shadowy altar of Dithmenos.
  2202 | D:3      | Noticed Sigmund
  2212 | D:3      | Killed Sigmund
  2212 | D:3      | Reached skill level 6 in Short Blades
  2212 | D:3      | Reached XP level 5. HP: 19/31 MP: 7/7
  2212 | D:3      | Reached XP level 6. HP: 22/36 MP: 8/8
  2260 | D:4      | Reached skill level 1 in Dodging
  2677 | D:4      | Identified the Papyrus of Bewitching Arcane Weapons
  2691 | D:4      | Learned a level 3 spell: Inner Flame
  2742 | D:4      | Killed from afar by an orc wizard

Vault maps used:
D:1:      dpeg_arrival_subterranean_lakeside_camping
D:3:      lemuel_coloured_pillars_altar, uniq_sigmund
D:4:      kennysheep_mini_moat, kennysheep_little_box,
          minmay_temple_entry_purple_smoke, first_bread, minivault_25

Skill      XL: |  1  2  3  4  5  6 |
---------------+-------------------+-----
Short Blades   | 3 4 6 |  6.3
Dodging        | 4 |  4.2
Fighting       | |  2.4
Armour         | |  2.4
Shields        | |  2.4

Action                   |  1- 3 |  4- 6 || total
-------------------------+-------+-------++-------
Melee: Rapier            |   116 |   187 ||   303
  Use: Scroll            |     2 |     4 ||     6
       Potion            |       |     5 ||     5
  Eat: Chunk             |     1 |     4 ||     5
Armor: Scale mail        |    54 |    74 ||   128
Dodge: Dodged            |    33 |    59 ||    92
Block: Shield            |    49 |    96 ||   145

Table legend:
 A = Spawn XP
 B = Non-spawn XP
 C = Spawn XP percentage of total XP
 D = Spawn monster count
 E = Non-spawn monster count
 F = Spawn count percentage of total count
 G = Total turns spent on level
                    A         B        C        D         E        F      G
               +---------+---------+-------+---------+---------+-------+---------
         Total |       0 |     655 |   0.0 |       0 |      71 |   0.0 |  2742
               +---------+---------+-------+---------+---------+-------+---------
           D:1 |       0 |      50 |   0.0 |       0 |      25 |   0.0 |   949
           D:2 |       0 |      92 |   0.0 |       0 |      11 |   0.0 |   453
           D:3 |       0 |     243 |   0.0 |       0 |      21 |   0.0 |  1148
           D:4 |       0 |     270 |   0.0 |       0 |      14 |   0.0 |   192
               +---------+---------+-------+---------+---------+-------+---------
